 Dungeon Crawl Stone Soup version 0.31-a0-604-g8e0283293c (webtiles) character file.

Game seed: 16667258243210923457

11874 motkurizz the Fighter (level 11, 0/105 HPs)
             Began as a Hill Orc Cinder Acolyte on Aug 21, 2023.
             Was a Follower of Ignis.
             Drowned by a quicksilver ooze (7 damage)
             ... in a Gauntlet.
             The game lasted 01:00:11 (16199 turns).

motkurizz the Fighter (Hill Orc Cinder Acolyte)    Turns: 16199, Time: 01:00:11

Health: 0/105      AC: 21    Str: 22    XL:     11   Next: 84%
Magic:  0/12       EV:  6    Int: 16    God:    Ignis [*.....]
Gold:   394        SH:  8    Dex:  6    Spells: 10/12 levels left

rFire   + + .        a - +2 morningstar (protect)
rCold   + + +        B - +0 kite shield
rNeg    + . .        Y - +0 plate armour
rPois   .            Q - +1 hat
rElec   +            F - scarf {rC+ rF+}
rCorr   .            g - +1 pair of gloves of Tunes {rElec rC++ rN+ Int+2}
SInv    .            y - +2 pair of boots {rampage}
Will    +....        G - amulet of the acrobat Stlth
                     E - ring of willpower
HPRegen 0.37/turn    K - ring of wizardry
MPRegen 0.13/turn

%: no teleportation, acrobat, rampage, wizardry (x1)
@: mighty, engulfed (cannot breathe), hasted, very quick
A: no striking features
a: Renounce Religion, Fiery Armour, Foxfire Swarm


You were in a Gauntlet.
You worshipped Ignis.
Ignis was aware of your devotion.
You visited 2 branches of the dungeon, and saw 12 of its levels.
You also visited: Bailey and Gauntlet.

You collected 731 gold pieces.
You spent 337 gold pieces at shops.

Inventory:

Hand Weapons
 a - a +2 morningstar of protection (weapon)
 t - a +4 hand axe
 w - a +1 morningstar of holy wrath
 z - a +0 war axe
Missiles
 r - 44 poisoned darts (quivered)
 R - 6 boomerangs
Armour
 g - the +1 pair of gloves of Tunes (worn) {rElec rC++ rN+ Int+2}
   (You acquired it on level 9 of the Dungeon)

   Int+2:     It affects your intelligence (+2).
   rC++:      It greatly protects you from cold.
   rElec:     It insulates you from electricity.
   rN+:       It protects you from negative energy.
 y - a +2 pair of boots of rampaging (worn)
 B - a +0 kite shield (worn)
 F - a scarf of resistance (worn)
 M - a +3 ring mail
 Q - a +1 hat (worn)
 V - a +2 robe of fire resistance
 Y - a +0 plate armour (worn)
Jewellery
 b - a ring of poison resistance
 E - a ring of willpower (left hand)
 G - an amulet of the acrobat (around neck)
 J - a ring of resist corrosion
 K - a ring of wizardry (right hand)
 O - an amulet of regeneration
Wands
 j - a wand of polymorph (9)
 p - a wand of acid (13)
 s - a wand of mindburst (4)
 I - a wand of roots (5)
 N - a wand of flame (19)
 U - a wand of paralysis (5)
Scrolls
 d - 3 scrolls of teleportation
 h - 2 scrolls of blinking
 q - 2 scrolls of immolation
 u - 5 scrolls of fear
 v - 2 scrolls of enchant weapon
 C - a scroll of fog
 P - 2 scrolls of enchant armour
 S - a scroll of brand weapon {unknown}
 T - a scroll of torment {unknown}
 W - a scroll of silence {unknown}
Potions
 c - a potion of curing
 e - a potion of might
 f - a potion of resistance {unknown}
 k - 2 potions of brilliance {unknown}
 l - 2 potions of magic {unknown}
 m - a potion of attraction {unknown}
 n - 2 potions of invisibility {unknown}
 o - a potion of experience
 x - 5 potions of cancellation {unknown}
 A - 6 potions of heal wounds {unknown}
 D - a potion of enlightenment {unknown}
 L - 2 potions of lignification {unknown}
 X - 2 potions of mutation {unknown}
 Z - 2 potions of haste


   Skills:
 + Level 12.5 Fighting
 * Level 7.2(10.2) Axes
 - Level 9.5(10.3) Maces & Flails
 + Level 10.9 Armour
 - Level 7.0 Shields
 - Level 1.0 Spellcasting
 - Level 4.0 Fire Magic


You had 10 spell levels left.
You knew the following spells:

 Your Spells              Type           Power      Damage    Failure   Level
f - Scorch                Fire           26%        2d6       52%         2

Your spell library contained the following spells:

 Spells                   Type           Power      Damage    Failure   Level
 Apportation              Tloc           0%         N/A       90%         1
 Freeze                   Ice            0%         1d3       90%         1
 Necrotise                Necr           0%         1d4       90%         1
 Sandblast                Erth           0%         2d4       90%         1
 Slow                     Hex            0%         N/A       90%         1
 Summon Small Mammal      Summ           0%         N/A       90%         1
 Inner Flame              Hex/Fire       7%         N/A       95%         3
 Sublimation of Blood     Necr           0%         N/A       96%         2
 Call Canine Familiar     Summ           0%         N/A       99%         3
 Confusing Touch          Hex            0%         N/A       99%         3
 Portal Projectile        Hex/Tloc       0%         N/A       99%         3
 Vampiric Draining        Necr           0%         2d6       99%         3
 Anguish                  Hex/Necr       0%         N/A       100%        4
 Cause Fear               Hex            0%         N/A       100%        4
 Flame Wave               Conj/Fire      7%         2d5       100%        4
 Leda's Liquefaction      Hex/Erth       0%         N/A       100%        4
 Petrify                  Tmut/Erth      0%         N/A       100%        4
 Sticky Flame             Conj/Fire      7%         2d3       100%        4
 Irradiate                Conj/Tmut      0%         3d11      100%        5
 Enfeeble                 Hex            0%         N/A       100%        7


Dungeon Overview and Level Annotations

Branches:
Dungeon (11/15)            Temple (1/1) D:6            Lair (0/5) D:10
 Bailey (visited)         Gauntlet (1/1)
    Orc: D:9-12

Altars:
Ashenzari
Cheibriados
Dithmenos
Elyvilon
Fedhas
Gozag
Hepliaklqana
Kikubaaqudgha
Makhleb
Nemelex Xobeh
Okawaru
Qazlal
Ru
Sif Muna
Trog
Uskayaw
Vehumet
Wu Jian
Xom
Yredelemnul
Zin
The Shining One
Beogh

Shops:
D:1 [   D:9 *   D:10 (

Annotations:
D:10 exclusion: downstairs Gauntlet 7 transporters


Message History

You feel yourself speed up.
* * * LOW HITPOINT WARNING * * *
Your lungs strain for air!
The quicksilver ooze hits you.
You block the quicksilver ooze's attack.
The quicksilver ooze hits you.
The quicksilver ooze hits you but does no damage.
You completely miss the quicksilver ooze.
The quicksilver ooze is severely wounded.
* * * LOW HITPOINT WARNING * * *
Your lungs strain for air!
The quicksilver ooze barely misses you.
The quicksilver ooze hits you but does no damage.
You closely miss the quicksilver ooze.
The quicksilver ooze is severely wounded.
* * * LOW HITPOINT WARNING * * *
Your lungs strain for air!
You block the quicksilver ooze's attack.
The quicksilver ooze hits you but does no damage.
You barely miss the quicksilver ooze.
The quicksilver ooze is severely wounded.
* * * LOW HITPOINT WARNING * * *
Your lungs strain for air!
The quicksilver ooze hits you. x2
* * * LOW HITPOINT WARNING * * *
You feel your power leaking away.
You feel better.
* * * LOW HITPOINT WARNING * * *
Your lungs strain for air!
The quicksilver ooze hits you.
You block the quicksilver ooze's attack.
You feel better.
* * * LOW HITPOINT WARNING * * *
Your lungs strain for air!
The quicksilver ooze hits you.
The quicksilver ooze hits you but does no damage.
You cannot read scrolls while unable to breathe!
It was a potion of might.
You feel very mighty all of a sudden.
You die...

#≈≈.#########.8.#.©..
##≈....#©..8#.⌠.#.8.#
##..8.#...©#.8.#...#
##≈....#©..8#...#...#
#≈≈.#########...#≈≈≈#
##≈.#.......#..###≈##
##.#.......#.## ##
##≈.#.#####.#.≈##
#≈≈.#...J@..#.≈≈#
##≈.#.#####.#.≈##
##.#.......#.##
##≈.#.=.©?..#.≈##
#≈≈.#########.≈≈#
##≈....#©..8#.≈##
##..8.#...©#.##
##≈....#©..8#.≈##
#≈≈.#########.≈≈#


You could see a quicksilver ooze.

Vanquished Creatures
  A thrashing horror (Gauntlet)
  Urug (D:10)
  A smoke demon (Gauntlet)
  Psyche (D:8)
  2 kobold demonologists (D:10)
  An unseen horror (D:10)
  The ghost of flestrin the Trooper, a novice GrFi (D:5)
  A troll (D:10)
  Prince Ribbit (D:6)
  Sigmund (D:6)
  A shadow (D:10)
  10 yaks
  4 flying skulls (Gauntlet)
  A wraith (D:10)
  A fire bat (D:8)
  A wyvern (D:9)
  A steam dragon (D:8)
  Menkaure (D:6)
  An acid dragon (D:9)
  4 small abominations (Gauntlet)
  2 sky beasts
  An ice beast (D:5)
  8 orc warriors
  An ogre (D:6)
  5 centaurs
  4 kobold brigands
  2 bullfrogs
  5 scorpions
  2 necrophages (D:6)
  A wyvern zombie (D:6)
  16 wights
  A howler monkey (D:4)
  4 bullfrog zombies (D:6)
  4 crimson imps (Gauntlet)
  A human zombie (D:6)
  2 jellies
  A gnoll bouda (D:8)
  3 hounds
  12 orc priests
  An iguana (D:7)
  2 sleepcaps
  15 orc wizards
  2 killer bee zombies (D:6)
  A howler monkey zombie (D:6)
  20 gnolls
  7 adders
  2 shadow imps (D:6)
  3 white imps
  5 worms
  76 orcs
  4 ball pythons
  6 bats
  3 endoplasms
  11 goblins
  10 hobgoblins
  8 quokkas
  3 frilled lizards (D:1)
  24 kobolds
  6 rats
320 creatures vanquished.

Vanquished Creatures (others)
  36 foxfires
36 creatures vanquished.

Grand Total: 356 creatures vanquished

Notes
Turn   | Place    | Note
-------+----------+-------------------------------------------
     0 | D:1      | motkurizz the Hill Orc Cinder Acolyte began the quest for
                  | the Orb.
     0 | D:1      | Reached XP level 1. HP: 19/19 MP: 2/2
   320 | D:1      | Reached XP level 2. HP: 11/27 MP: 3/3
   404 | D:1      | Learned a level 2 spell: Scorch
   739 | D:1      | Reached skill level 4 in Fighting
  1175 | D:1      | Found Yhuistun's Armour Boutique.
  1181 | D:1      | Bought a +0 cloak for 58 gold pieces
  1675 | D:2      | Found a faded altar of an unknown god.
  1693 | D:2      | Reached XP level 3. HP: 33/33 MP: 4/4
  2496 | D:3      | Found a burning altar of Makhleb.
  2498 | D:3      | Noticed an Executioner
  2606 | D:3      | Reached skill level 1 in Armour
  2670 | D:3      | Reached XP level 4. HP: 39/41 MP: 1/5
  3039 | D:3      | Reached skill level 5 in Axes
  3140 | D:3      | Found a white marble altar of Elyvilon.
  3458 | D:3      | Found a hide-covered altar of Uskayaw.
  3461 | D:3      | Found an opulent altar of Gozag.
  3461 | D:3      | Found a snail-covered altar of Cheibriados.
  3695 | D:3      | Reached XP level 5. HP: 47/47 MP: 1/6
  3887 | D:4      | Reached skill level 1 in Maces & Flails
  3977 | D:3      | Reached skill level 5 in Fighting
  4125 | D:4      | Reached XP level 6. HP: 52/56 MP: 7/7
  4734 | D:5      | Entered Level 5 of the Dungeon
  4904 | D:5      | Reached XP level 7. HP: 60/61 MP: 1/8
  5179 | D:5      | Reached skill level 1 in Shields
  5276 | D:5      | Reached skill level 6 in Fighting
  5587 | D:5      | Identified the +0 dagger of Valuable Assets {antimagic,
                  | Int+4}
  5587 | D:5      | Noticed flestrin's ghost (novice GrFi)
  5604 | D:5      | Reached skill level 5 in Maces & Flails
  5860 | D:5      | Reached XP level 8. HP: 68/70 MP: 3/9
  5978 | D:5      | Found a runed translucent gate.
  5979 | D:5      | Found a runed translucent gate.
  5980 | D:5      | Found a runed translucent gate.
  6135 | D:5      | Found a roughly hewn altar of Beogh.
  6160 | D:6      | Noticed Sigmund
  6171 | D:6      | Killed Sigmund
  6256 | D:6      | Found a shimmering altar of Xom.
  6306 | D:6      | Found a staircase to the Ecumenical Temple.
  6323 | Temple   | Entered the Ecumenical Temple
  6768 | D:6      | Noticed Menkaure
  6907 | D:6      | Killed Menkaure
  6908 | D:6      | Reached skill level 7 in Fighting
  6908 | D:6      | Reached skill level 5 in Armour
  7159 | D:6      | Reached XP level 9. HP: 79/79 MP: 3/10
  7904 | D:6      | Found an ancient bone altar of Kikubaaqudgha.
  8102 | D:6      | Noticed Prince Ribbit
  8106 | D:6      | Killed Prince Ribbit
  8107 | D:6      | Reached skill level 8 in Fighting
  8107 | D:6      | Reached skill level 5 in Shields
  9049 | D:7      | Reached XP level 10. HP: 70/90 MP: 1/11
  9851 | D:7      | Reached skill level 9 in Fighting
 10895 | D:8      | Noticed Psyche
 10942 | D:8      | Killed Psyche
 11879 | D:9      | Identified a scroll of acquirement
 11883 | D:9      | Acquired the +1 pair of gloves of Tunes {rElec rC++ rN+
                  | Int+2}
 11902 | D:9      | Got Litsusin's Introduction to Revealed Knowledge
 11961 | D:9      | Found a flagged portal.
 11975 | D:9      | Reached skill level 10 in Fighting
 11986 | Bailey   | Entered a bailey
 12460 | D:9      | Found Ynnuurphasm's Assorted Antiques.
 12675 | D:1      | Bought a +2 pair of boots of rampaging for 279 gold pieces
 13263 | D:9      | Found a sparkling altar of Nemelex Xobeh.
 13377 | D:9      | Reached XP level 11. HP: 94/101 MP: 12/12
 13579 | D:9      | Reached skill level 11 in Fighting
 13986 | D:10     | Entered Level 10 of the Dungeon
 14041 | D:10     | Found a staircase to the Lair.
 14269 | D:10     | Found Dauniapu's Antique Weapon Shoppe.
 14624 | D:10     | Reached skill level 10 in Armour
 14691 | D:10     | Found a broken altar of Ashenzari.
 14692 | D:10     | Found a stormy altar of Qazlal.
 14694 | D:10     | Found a blossoming altar of Fedhas.
 14861 | D:10     | Found a glowing silver altar of Zin.
 14941 | D:10     | Noticed Urug
 14954 | D:10     | Killed Urug
 14955 | D:10     | Reached skill level 12 in Fighting
 15246 | D:5      | Killed flestrin's ghost
 15597 | D:11     | Noticed a two-headed ogre
 15628 | D:11     | Found a gate leading to a gauntlet.
 15631 | Gauntlet | Entered a Gauntlet
 15631 | Gauntlet | Found a transporter.
 15636 | Gauntlet | Found a transporter.
 15640 | Gauntlet | Found a transporter.
 15648 | Gauntlet | Found a transporter.
 15652 | Gauntlet | Found a transporter.
 15656 | Gauntlet | Noticed a thrashing horror
 15664 | Gauntlet | Found a transporter.
 15668 | Gauntlet | Noticed a quicksilver ooze
 15675 | Gauntlet | Found a transporter.
 15676 | Gauntlet | Found a transporter.
 15682 | Gauntlet | Noticed a thrashing horror
 15684 | Gauntlet | Found a transporter.
 15705 | Gauntlet | Found a transporter.
 15717 | Gauntlet | Found a transporter.
 15738 | Gauntlet | Found a transporter.
 15747 | Gauntlet | Found a transporter.
 15759 | Gauntlet | Found a transporter.
 16012 | Gauntlet | Killed a thrashing horror
 16196 | Gauntlet | HP: 4/105 [drowned by a quicksilver ooze (8)]
 16199 | Gauntlet | Drowned by a quicksilver ooze

Illustrated notes

Levels and vault maps discovered:
D:1:      minmay_arrival_arboretum_small, layout_basic, serial_shops, shop
D:2:      layout_basic, dreamdust_ecumenical_altar_grove
D:3:      cheibrodos_greedy_goblins, layout_loops_ring,
          makhleb_altar_promises_db, elyvilon_altar_1,
          grunt_temple_overflow_open
D:4:      layout_loops_ring, nicolae_titane
D:5:      layout_cave_pools, biasface_ghost_orc_armoury, nrook_mini_backslash
D:6:      layout_basic, lemuel_mausoleum_altar_kikubaaqudgha,
          mainiacjoe_overflow_small_starburst, temple_pool_b,
          minmay_misc_feat_roman, mrwooster_statue_mirror, uniq_menkaure,
          uniq_prince_ribbit1, uniq_sigmund
D:7:      layout_basic
D:8:      layout_layer_cave, solitary_fountain, serial_park_tiny_2, uniq_psyche
D:9:      cheibrodos_iron_armory, layout_basic, mainiacjoe_overflow_alcove_4,
          enter_bailey_1, serial_shops, shop
D:10:     layout_gridville, zin_statuary, gammafunk_temple_overflow_forgotten,
          lair_entry_dummy, serial_shops, nicolae_diamond_shop, uniq_urug
D:11:     layout_rooms, gauntlet_entry_generic, uniq_josephine
Temple:   compressed_dpeg_circular_temple
Gauntlet: gammafunk_gauntlet_77_escape_option
          [minmay_gauntlet_arena_77_two_paths,
          minmay_gauntlet_arena_77_hold_the_fort,
          minmay_gauntlet_arena_77_radiant_squares,
          minmay_gauntlet_arena_77_chump_sandwich,
          minmay_gauntlet_arena_77_museum, gauntlet_exit_hidden_loot]

Skill      XL: |  1  2  3  4  5  6  7  8  9 10 11 |
---------------+----------------------------------+-----
Fighting       | 4 5 6 7 8 10 12 | 12.5
Armour         | 1 2 3 4 5 6 8 10 | 10.9
Fire Magic     | 4 |  4.0
Axes           | 5 7 |  7.2
Maces & Flails | 2 4 5 7 8 9 |  9.5
Shields        | 2 3 5 7 |  7.0
Spellcasting   | |  1.0

Action                     |  1- 3 |  4- 6 |  7- 9 | 10-12 || total
---------------------------+-------+-------+-------+-------++-------
  Melee: Hand axe          |    69 |    59 |       |     8 ||   136
         Morningstar       |       |    63 |   191 |   563 ||   817
         Punch             |       |     2 |       |       ||     2
         War axe           |       |       |       |     6 ||     6
   Fire: Sling             |       |     7 |       |     9 ||    16
  Throw: Dart              |     8 |       |     1 |    16 ||    25
         Boomerang         |       |       |     1 |       ||     1
   Cast: Scorch            |    27 |    31 |   105 |    30 ||   193
 Invoke: Fiery Armour      |       |       |     1 |     6 ||     7
         Foxfire Swarm     |       |       |     1 |     1 ||     2
         Rising Flame      |       |       |       |     1 ||     1
  Evoke: Wand              |       |     4 |     8 |     5 ||    17
    Use: Scroll            |     2 |     3 |     1 |    11 ||    17
         Potion            |       |     1 |     1 |     4 ||     6
 Armour: Robe              |     8 |       |       |       ||     8
         Ring mail         |    18 |    74 |   113 |   100 ||   305
         Chain mail        |       |       |       |    65 ||    65
         Skin              |       |       |       |     6 ||     6
         Plate armour      |       |       |       |   248 ||   248
  Dodge: Dodged            |    39 |    54 |    94 |   243 ||   430
  Block: Kite shield       |       |       |    78 |   295 ||   373

Table legend: (Time is in decaauts)
 A = Elapsed time spent in this place.
 B = Non-inter-level travel time spent in this place.
 C = Inter-level travel time spent in this place.
 D = Time resting spent in this place.
 E = Time spent auto-exploring this place.
 F = Levels seen in this place.
 G = Mean time per level.
                   A        B        C        D        E       F      G
               +--------+--------+--------+--------+--------+-----+--------+
         Total |  16407 |  14813 |   1594 |   1985 |   8756 |  14 | 1171.9 |
       Dungeon |  15357 |  13763 |   1594 |   1887 |   8204 |  11 | 1396.1 |
        Temple |      1 |      1 |      0 |      0 |      0 |   1 |    1.0 |
        Bailey |    471 |    471 |      0 |      0 |    331 |   1 |  471.0 |
      Gauntlet |    576 |    576 |      0 |     98 |    221 |   1 |  576.0 |
               +--------+--------+--------+--------+--------+-----+--------+

Top non-repeatable levels by time:
     D:6: 2232 daAuts
     D:8: 1979 daAuts
     D:3: 1748 daAuts
     D:7: 1551 daAuts
     D:5: 1432 daAuts
     D:1: 1429 daAuts
     D:4: 1393 daAuts
     D:9: 1339 daAuts
    D:10: 1165 daAuts
     D:2: 1076 daAuts
Gauntlet: 576 daAuts
  Bailey: 471 daAuts
    D:11: 8 daAuts
  Temple: 1 daAuts
